 Dungeon Crawl Stone Soup version 0.28-a0-861-ge64d6db94f (webtiles) character file.

Game seed: 1328412947784058138

592 meatgazer the Distorting Demonspawn (level 7, -4/56 HPs)
             Began as a Demonspawn Abyssal Knight on Nov 15, 2021.
             Was a Believer of Lugonu.
             Slain by Duvessa (12 damage)
             ... on level 5 of the Dungeon.
             The game lasted 00:08:01 (7444 turns).

meatgazer the Distorting Demonspawn (DsAK)          Turns: 7444, Time: 00:08:02

Health: -4/56      AC: 10    Str: 17    XL:     7   Next: 16%
Magic:  12/12      EV: 11    Int: 11    God:    Lugonu [**....]
Gold:   280        SH:  0    Dex: 20    Spells: 6/6 levels left

rFire   . . .      SeeInvis .   a - +3 spear
rCold   . . .      Faith    .   (no shield)
rNeg    . . .      Spirit   .   b - +0 leather armour
rPois   .          Reflect  .   (no helmet)
rElec   .          Harm     .   (no cloak)
rCorr   .          Rampage  .   (no gloves)
Will    +....                   m - +0 pair of boots
Stlth   +.........              (no amulet)
HPRegen 0.18/turn               c - +6 ring of dexterity
MPRegen 0.13/turn               e - ring of willpower

@: sanguine armoured
A: spiny 1, sanguine armour 1, weakness stinger 1, high mp 1, strong 1
a: Renounce Religion, Depart the Abyss, Bend Space


You were on level 5 of the Dungeon.
You worshipped Lugonu.
Lugonu was pleased with you.
You visited 1 branch of the dungeon, and saw 5 of its levels.
You visited the Abyss 1 time.
You also visited: Sewer.

You collected 280 gold pieces.

Inventory:

Hand Weapons
 a - a +3 spear (weapon)
Armour
 b - a +0 leather armour (worn)
 m - a +0 pair of boots (worn)
Jewellery
 c - a +6 ring of dexterity (left hand)
 e - a ring of willpower (right hand)
 j - a ring of protection from fire
Wands
 g - a wand of flame (5)
Scrolls
 f - 5 scrolls of identify
 n - a scroll of immolation
Potions
 d - 2 potions of curing


   Skills:
 + Level 5.3 Fighting
 + Level 4.3 Polearms
 - Level 1.7 Armour
 - Level 0.8 Dodging
 + Level 6.2 Invocations


You had 6 spell levels left.
You didn't know any spells.
Your spell library contained the following spells:

 Spells                   Type           Power      Damage    Failure   Level
 Animate Skeleton         Necr           0%         N/A       38%         1
 Pain                     Necr           0%         1d4       38%         1
 Shock                    Conj/Air       0%         1d3       38%         1
 Corpse Rot               Necr/Air       0%         N/A       54%         2
 Ensorcelled Hibernation  Hex/Ice        0%         N/A       54%         2
 Poisonous Vapours        Pois/Air       0%         N/A       54%         2
 Swiftness                Air            0%         N/A       77%         3
 Tukima's Dance           Hex            0%         N/A       77%         3
 Vampiric Draining        Necr           0%         2d6       77%         3
 Airstrike                Air            0%         N/A       99%         4


Dungeon Overview and Level Annotations

Branches:
Dungeon (5/15)             Temple (0/1) D:4           Sewer (visited)

Altars:

Annotations:
D:5 Duvessa


Innate Abilities, Weirdness & Mutations

You are partially covered in sharp spines.
When seriously injured, your bleeding wounds create armour. (AC +6)
You have a small tail.
You have an increased reservoir of magic. (+10% MP)
Your muscles are strong. (Str +2)


Message History

The adder is struck by your spines. The adder misses you.
You puncture the adder!
You kill the adder!
Lugonu accepts your kill.
You start resting.
Your blood armour dries and flakes away.
You start resting.
HP restored.
You start waiting.
Done waiting.
You climb downwards.
Level annotation: Duvessa Duvessa is struck by your spines.
Duvessa closely misses you.
Duvessa hits you with a +1 short sword of holy wrath.
You convulse.
There is a stone staircase leading up, spattered with blood here.
Duvessa is struck by your spines. Duvessa barely misses you.
Duvessa rages.
Duvessa is struck by your spines.
Duvessa hits you with a +1 short sword of holy wrath!
You convulse.
Duvessa closely misses you.
You closely miss Duvessa.
Duvessa is lightly wounded.
Duvessa hits you with a +1 short sword of holy wrath!
Your blood congeals into armour.
You convulse.
You hit Duvessa but do no damage.
Duvessa is lightly wounded.
Duvessa hits you but does no damage.
A water moccasin skeleton comes into view.
The orc hits you but does no damage.
Duvessa hits you with a +1 short sword of holy wrath!
* * * LOW HITPOINT WARNING * * *
You convulse.
* * * LOW HITPOINT WARNING * * *
You hit Duvessa.
Duvessa is lightly wounded.
The orc misses you.
Duvessa hits you with a +1 short sword of holy wrath!
You die...

....###...# ##.# #...
##### ###.#######..#
#.## #.......##.## ##.##
.#.......##.####..##
#.........##.##...#..
###........#.#..###.#
#............##...#
...#######...<..........
.......@eo...Z......##..
...########.#(.........#
#.#...#####... #.##..#
..# ..#...# ## ##.....
#...#.# ..## .#


You could see Duvessa (berserk), an orc and a water moccasin skeleton.

Vanquished Creatures
  A necrophage (D:5)
  A phantom (D:4)
  2 bullfrogs (Sewer)
  Dowan (D:5)
  A water moccasin skeleton (D:4)
  A centaur zombie (D:4)
  An iguana (D:5)
  5 adders
  A river rat (D:5)
  A worm (D:2)
  3 dart slugs
  2 orcs
  6 endoplasms
  9 giant cockroaches
  4 goblins
  2 hobgoblins (D:2)
  5 jackals
  6 quokkas
  11 ball pythons
  4 bats
  10 frilled lizards
  8 kobolds
  8 rats
93 creatures vanquished.

Vanquished Creatures (others)
  An adder (D:5)
  2 fungi (D:1)
3 creatures vanquished.

Grand Total: 96 creatures vanquished

Notes
Turn   | Place    | Note
-------+----------+-------------------------------------------
     0 | Abyss:1  | meatgazer the Demonspawn Abyssal Knight began the quest for
                  | the Orb.
     0 | Abyss:1  | Reached XP level 1. HP: 18/18 MP: 2/2
    34 | Abyss:1  | Noticed an ancient zyme
   122 | Abyss:2  | Noticed a red devil
   133 | D:1      | Escaped the Abyss
   540 | D:1      | Gained mutation: You have a small tail. [demonic ancestry]
   540 | D:1      | Reached XP level 2. HP: 10/24 MP: 4/4
   744 | D:1      | Reached skill level 3 in Invocations
   744 | D:1      | Reached * piety under Lugonu
  1044 | D:1      | Found a faded altar of an unknown god.
  1657 | D:2      | Reached XP level 3. HP: 25/29 MP: 5/5
  3240 | D:2      | You fall into a shaft and drop 2 floors!
  3532 | D:3      | Reached XP level 4. HP: 37/37 MP: 6/6
  4343 | D:4      | Reached ** piety under Lugonu
  4517 | D:4      | Reached skill level 4 in Invocations
  4900 | D:4      | Gained mutation: When seriously injured, your bleeding
                  | wounds create armour. (AC +6) [demonic ancestry]
  4900 | D:4      | Reached XP level 5. HP: 31/42 MP: 8/8
  5179 | D:4      | Gained mutation: Armour fits poorly on your strangely
                  | shaped body. [potion of mutation]
  5179 | D:4      | Gained mutation: You are strong-willed. (Will+) [potion of
                  | mutation]
  5179 | D:4      | Lost mutation: Armour fits poorly on your strangely shaped
                  | body. [potion of mutation]
  5179 | D:4      | Gained mutation: You are somewhat resistant to further
                  | mutation. [potion of mutation]
  5282 | D:4      | Found a staircase to the Ecumenical Temple.
  5354 | D:4      | Noticed a phantom
  5368 | D:4      | Killed a phantom
  5369 | D:4      | Reached skill level 5 in Invocations
  5678 | D:5      | Entered Level 5 of the Dungeon
  5678 | D:5      | Noticed Duvessa
  5678 | D:5      | Noticed Dowan
  5691 | D:5      | Noticed a sky beast
  5706 | D:5      | Noticed a necrophage
  5720 | D:5      | Found a glowing drain.
  5729 | Sewer    | Entered a sewer
  6134 | Sewer    | Reached XP level 6. HP: 45/49 MP: 9/9
  6142 | Sewer    | Lost mutation: You are strong-willed. (Will+) [potion of
                  | mutation]
  6142 | Sewer    | Lost mutation: You are somewhat resistant to further
                  | mutation. [potion of mutation]
  6142 | Sewer    | Gained mutation: You have an increased reservoir of magic.
                  | (+10% MP) [potion of mutation]
  6142 | Sewer    | Gained mutation: Your muscles are strong. (Str +2) [potion
                  | of mutation]
  6783 | D:5      | Reached skill level 5 in Fighting
  6801 | D:5      | Reached skill level 6 in Invocations
  6801 | D:5      | Gained mutation: You are partially covered in sharp spines.
                  | [demonic ancestry]
  6801 | D:5      | Reached XP level 7. HP: 34/56 MP: 12/12
  6809 | D:5      | Killed Dowan
  7444 | D:5      | Slain by Duvessa

Illustrated notes

Levels and vault maps discovered:
D:1:      ncdulo_lavacross, layout_basic, shapermc_ecumenical_altar_acropolis,
          minmay_tetromino_t2
D:2:      layout_rooms, st_stairs_11, minmay_quadrilaterals
D:3:      layout_loops_cross, grunt_ministairs_7, kennysheep_generic_room_6
D:4:      kennysheep_big_flooded_room, layout_basic, temple_doors_ab
D:5:      layout_rooms, portal_sewer_entry_b, uniq_duvessa

Skill      XL: |  1  2  3  4  5  6 |
---------------+-------------------+-----
Polearms       | 2 3 4 |  4.3
Invocations    | 3 4 5 6 |  6.2
Fighting       | 4 5 |  5.3
Armour         | |  1.7
Dodging        | |  0.8

Action                   |  1- 3 |  4- 6 |  7- 9 || total
-------------------------+-------+-------+-------++-------
Melee: Spear             |   154 |   167 |    16 ||   337
       Tailslap          |    20 |    26 |     2 ||    48
Invok: Depart the Abyss  |     1 |       |       ||     1
       Bend Space        |       |       |     1 ||     1
  Use: Potion            |     7 |     4 |     1 ||    12
       Scroll            |     5 |     7 |       ||    12
 Stab: Sleeping          |     4 |     1 |       ||     5
Armor: Leather armour    |    30 |    74 |     4 ||   108
Dodge: Dodged            |    68 |    92 |    10 ||   170

Table legend: (Time is in decaauts)
 A = Elapsed time spent in this place.
 B = Non-inter-level travel time spent in this place.
 C = Inter-level travel time spent in this place.
 D = Time resting spent in this place.
 E = Time spent auto-exploring this place.
 F = Levels seen in this place.
 G = Mean time per level.
                   A        B        C        D        E       F      G
               +--------+--------+--------+--------+--------+-----+--------+
         Total |   7483 |   7338 |    145 |   2619 |   3913 |   8 |  935.4 |
       Dungeon |   6258 |   6113 |    145 |   2123 |   3403 |   5 | 1251.6 |
         Abyss |    103 |    103 |      0 |      0 |     57 |   2 |   51.5 |
         Sewer |   1121 |   1121 |      0 |    496 |    452 |   1 | 1121.0 |
               +--------+--------+--------+--------+--------+-----+--------+

Top non-repeatable levels by time:
     D:4: 1898 daAuts
     D:2: 1756 daAuts
     D:1: 1484 daAuts
   Sewer: 1121 daAuts
     D:3: 757 daAuts
     D:5: 361 daAuts
 Abyss:2: 53 daAuts
 Abyss:1: 50 daAuts
